 Dungeon Crawl Stone Soup version 0.32-a0-765-gfba4d74c8c (webtiles) character file.

Game seed: 6221156319579178422

417 Nattfarinn the Shooter (level 6, 0/33 HPs)
             Began as a Gargoyle Earth Elementalist on Mar 18, 2024.
             Incinerated by a bombardier beetle (3 damage)
             ... with a burning spray
             ... on level 4 of the Dungeon.
             The game lasted 00:04:56 (2922 turns).

Nattfarinn the Shooter (GrEE)                       Turns: 2922, Time: 00:04:56

Health: 0/33       AC:  8    Str:  8 (11) XL:     6   Next: 92%
Magic:  18/18      EV: 15    Int: 17 (18) God:
Gold:   166        SH:  0    Dex:  9 (10) Spells: 8/9 levels left

rFire   . . .        l - +2 sling (heavy)
rCold   . . .        (no shield)
rNeg    + . .        a - +0 robe
rPois   ∞            f - +0 helmet
rElec   +            (no cloak)
rCorr   .            m - +0 pair of gloves
SInv    .            (no boots)
Will    .....        (no amulet)
Stlth   +            B - +5 ring of evasion
HPRegen 0.25/turn    y - ring of magical power
MPRegen 0.16/turn

%: no passive effects
@: confused, on fire, ambrosia-drunk, glowing
A: sickness immunity, AC +4, negative energy resistance 1, electricity
resistance, torment resistance 1, petrification resistance
a: no special abilities


You were on level 4 of the Dungeon.
You visited 1 branch of the dungeon, and saw 4 of its levels.

You collected 166 gold pieces.

Inventory:

Hand Weapons
 l - a +2 heavy sling (weapon)
 o - a +1 dagger of holy wrath
Armour
 a - a +0 robe (worn)
 f - a +0 helmet (worn)
 m - a +0 pair of gloves (worn)
Magical Staves
 h - a staff of air
 x - a staff of conjuration
Jewellery
 r - a ring of protection from cold
 y - a ring of magical power (right hand)
 B - a +5 ring of evasion (left hand)
Wands
 t - a wand of flame (9)
Scrolls
 c - a scroll of amnesia {unknown}
 g - a scroll of enchant weapon {unknown}
 j - 4 scrolls of identify {unknown}
 k - a scroll of revelation {unknown}
 q - 3 scrolls of noise {unknown}
 v - a scroll of vulnerability {unknown}
 w - 4 scrolls of teleportation {unknown}
Potions
 b - a potion of magic
 d - 8 potions of degeneration
 e - a potion of haste {unknown}
 i - 2 potions of attraction {unknown}
 n - 2 potions of heal wounds {unknown}
 p - 2 potions of ambrosia
 s - 4 potions of curing {unknown}
 u - a potion of berserk rage {unknown}
 z - a potion of enlightenment {unknown}
 A - a potion of might {unknown}


   Skills:
 - Level 0.9 Fighting
 + Level 6.3 Ranged Weapons
 - Level 1.5 Armour
 - Level 1.5 Dodging
 - Level 2.1 Stealth
 - Level 2.2 Spellcasting
 - Level 1.1 Conjurations
 - Level 3.6 Earth Magic


You had 8 spell levels left.
You knew the following spells:

 Your Spells              Type           Power      Damage    Failure   Level
a - Sandblast             Erth           28%        2d8       4%          1

Your spell library contained the following spells:

 Spells                   Type           Power      Damage    Failure   Level
 Magic Dart               Conj           20%        1d4       12%         1
 Passwall                 Erth           14%        N/A       13%         3
 Necrotise                Necr           4%         1d4       19%         1
 Searing Ray              Conj           10%        2d4       19%         2
 Stone Arrow              Conj/Erth      18%        3d8       22%         3
 Vampiric Draining        Necr           1%         2d6       50%         3
 Brom's Barrelling Bould  Conj/Erth      9%         2d3       56%         4
 Petrify                  Alch/Erth      8%         N/A       65%         4
 Fulminant Prism          Conj/Alch      1%         3d5       83%         4
 Martyr's Knell           Necr/Summ      1%         N/A       88%         4
 Olgreb's Toxic Radiance  Alch           1%         N/A       88%         4
 Curse of Agony           Necr           1%         N/A       99%         5
 Summon Forest            Summ/Tloc      0%         N/A       99%         5


Dungeon Overview and Level Annotations

Branches:
Dungeon (4/15)
 Temple: D:4-7

Altars:
Fedhas


Innate Abilities, Weirdness & Mutations

You are immune to sickness and miasma.
Your stone body is resilient. (AC +4)
You are immune to poison.
You resist negative energy. (rN+)
You are resistant to electric shocks. (rElec)
You are resistant to unholy torment.
You are immune to petrification.


Message History

You feel your magic capacity increase.
y - a ring of magical power (right hand)
You see here a +2 dagger of venom.
A bombardier beetle comes into view.
Found a shiny glass ring.
You shoot a sling bullet.
The sling bullet barely misses the bombardier beetle.
The bombardier beetle sprays incendiary fluid at you.
The burning spray hits you.
You are covered in liquid fire!
You shoot a sling bullet.
The sling bullet hits the bombardier beetle.
The bombardier beetle is moderately wounded.
The liquid fire burns you!
The bombardier beetle waves its antennae.
You shoot a sling bullet.
The sling bullet hits the bombardier beetle.
The bombardier beetle is heavily wounded.
The liquid fire burns you!
You shoot a sling bullet.
The sling bullet barely misses the bombardier beetle.
The liquid fire burns you!
The bombardier beetle bites you but does no damage.
You are too injured to fight recklessly!
You are too injured to fight recklessly!
You shoot a sling bullet.
The sling bullet hits the bombardier beetle.
The bombardier beetle is severely wounded.
The liquid fire burns you!
* * * LOW HITPOINT WARNING * * *
The bombardier beetle barely misses you.
It was a potion of degeneration.
There was something very wrong with that liquid.
You feel weakened.
You feel dopey.
You feel clumsy. The liquid fire burns you!
* * * LOW HITPOINT WARNING * * *
It was a potion of ambrosia.
You are confused.
You feel invigorated. The liquid fire burns you!
You die...

#####.### #.# # #.#
#.# # #.## #.# #
#..# #.# ###
##.#########.##
..####)##.........#
..........######..#
...........# #..#
..©........# #@.#
#########..# #B.#
..=$....#..# ...#
........#..# .#.##
#...##..#..# #=#.#
ß.Z.ß#..#..# # #.#
.. #.# ..#


You could see a bombardier beetle.

Vanquished Creatures
  Menkaure (D:4)
  A hound (D:4)
  Natasha (thrice) (D:2)
  Terence (D:2)
  3 gnolls (D:4)
  5 adders
  2 dart slugs (D:4)
  5 ribbon worms
  5 endoplasms
  3 giant cockroaches
  12 goblins
  11 hobgoblins
  9 jackals
  10 kobolds
  A quokka (D:4)
  3 ball pythons (D:2)
  6 bats (D:1)
  A frilled lizard (D:2)
  A rat (D:2)
83 creatures vanquished.

Notes
Turn   | Place    | Note
-------+----------+-------------------------------------------
     0 | D:1      | Nattfarinn the Gargoyle Earth Elementalist began the quest
                  | for the Orb.
     0 | D:1      | Reached XP level 1. HP: 10/10 MP: 3/3
   193 | D:1      | Reached skill level 1 in Armour
   193 | D:1      | Reached XP level 2. HP: 13/16 MP: 0/5
   423 | D:1      | Found a faded altar of an unknown god.
   570 | D:2      | Reached skill level 1 in Ranged Weapons
   570 | D:2      | Reached XP level 3. HP: 20/20 MP: 3/6
   945 | D:2      | Reached skill level 2 in Ranged Weapons
  1166 | D:2      | Reached XP level 4. HP: 24/24 MP: 7/7
  1199 | D:2      | Noticed an ogre
  1320 | D:2      | Noticed Natasha
  1324 | D:2      | Killed Natasha
  1325 | D:2      | Reached skill level 3 in Ranged Weapons
  1366 | D:2      | Got the Cyclopedia of Contamination and Geometries
  1519 | D:2      | Noticed Terence
  1526 | D:2      | Killed Terence
  1527 | D:2      | Reached XP level 5. HP: 25/28 MP: 3/8
  1558 | D:2      | Noticed Natasha
  1562 | D:2      | Killed Natasha
  1563 | D:2      | Reached skill level 4 in Ranged Weapons
  1637 | D:2      | Noticed Natasha
  1643 | D:2      | Killed Natasha
  2443 | D:4      | Found a blossoming altar of Fedhas.
  2507 | D:4      | Reached skill level 5 in Ranged Weapons
  2507 | D:4      | Reached XP level 6. HP: 22/33 MP: 9/9
  2642 | D:4      | Noticed Menkaure
  2648 | D:4      | Killed Menkaure
  2649 | D:4      | Reached skill level 6 in Ranged Weapons
  2922 | D:4      | Incinerated by a bombardier beetle

Illustrated notes

Levels and vault maps discovered:
D:1:      psy_arrival_dodecagon, layout_rooms,
          hellmonk_ecumenical_altar_prayer_group, minmay_surrounded
D:2:      layout_loops_corners, serial_bayou_pond_c, lightli_corner_chamber,
          uniq_natasha, uniq_terence
D:3:      layout_loops_corners
D:4:      layout_loops_ring, fedhas_altar_1, gammafunk_ghost_mausoleum,
          uniq_menkaure

Skill      XL: |  1  2  3  4  5  6 |
---------------+-------------------+-----
Armour         | 1 |  1.5
Ranged Weapons | 1 2 3 5 6 |  6.3
Fighting       | |  0.9
Dodging        | |  1.5
Stealth        | |  2.1
Spellcasting   | |  2.2
Conjurations   | |  1.1
Earth Magic    | |  3.6

Action                     |  1- 3 |  4- 6 || total
---------------------------+-------+-------++-------
  Melee: Unarmed           |    13 |       ||    13
   Fire: Sling             |    50 |    98 ||   148
   Cast: Sandblast         |    21 |    20 ||    41
    Use: Potion            |       |     2 ||     2
 Armour: Robe              |    30 |    32 ||    62
  Dodge: Dodged            |    31 |    45 ||    76

Table legend: (Time is in decaauts)
 A = Elapsed time spent in this place.
 B = Non-inter-level travel time spent in this place.
 C = Inter-level travel time spent in this place.
 D = Time resting spent in this place.
 E = Time spent auto-exploring this place.
 F = Levels seen in this place.
 G = Mean time per level.
                   A        B        C        D        E       F      G
               +--------+--------+--------+--------+--------+-----+--------+
         Total |   3076 |   2960 |    116 |      0 |   2417 |   4 |  769.0 |
       Dungeon |   3076 |   2960 |    116 |      0 |   2417 |   4 |  769.0 |
               +--------+--------+--------+--------+--------+-----+--------+

Top non-repeatable levels by time:
     D:2: 1196 daAuts
     D:3: 766 daAuts
     D:1: 596 daAuts
     D:4: 518 daAuts
